 Dungeon Crawl Stone Soup version 0.27-a0-1525-g1038ab4fd7 (webtiles) character file.

Game seed: 12727476770696879725

3810 nyamberluvr69 the Spear-Bearer (level 10, -5/90 HPs)
             Began as a Merfolk Berserker on July 11, 2021.
             Was a Priest of Trog.
             Slain by a wight (10 damage)
             ... on level 7 of the Dungeon.
             The game lasted 00:12:33 (8062 turns).

nyamberluvr69 the Spear-Bearer (Merfolk Berserker)  Turns: 8062, Time: 00:12:34

Health: -5/90      AC: 17    Str: 20    XL:     10   Next: 17%
Magic:  10/10      EV:  8    Int:  7    God:    Trog [***...]
Gold:   125        SH:  0    Dex: 14    Spells: 9/9 levels left

rFire    . . .     SeeInvis .   A - +0 trident
rCold    . . .     Faith    .   (no shield)
rNeg     + . .     Spirit   .   y - +6 chain mail of the Lair of Beasts {rN+}
rPois    .         Reflect  .   (no helmet)
rElec    .         Harm     .   v - +0 cloak
rCorr    .         Rampage  .   a - +0 pair of gloves
Will     ++...                  q - +0 pair of boots
Stlth    ..........             (no amulet)
HPRegen  1.25/turn              (no ring)
MPRegen  0.12/turn              (no ring)

@: strong-willed, on berserk cooldown, regenerating, slowed, very slow
A: (nimble swimmer 2), mertail
a: Renounce Religion, Berserk, Trog's Hand


You were on level 7 of the Dungeon.
You worshipped Trog.
Trog was most pleased with you.
You visited 1 branch of the dungeon, and saw 7 of its levels.

You collected 334 gold pieces.
You spent 209 gold pieces at shops.

Inventory:

Hand Weapons
 A - a +0 trident (weapon)
Missiles
 i - 4 atropa-tipped darts (quivered)
 B - 4 throwing nets
Armour
 a - a +0 pair of gloves (worn)
 q - a +0 pair of boots (worn)
 v - a +0 cloak (worn)
 y - the +6 chain mail of the Lair of Beasts (worn) {rN+}
   (You bought it in a shop on level 4 of the Dungeon)

   rN:        It protects you from negative energy.
Jewellery
 s - a ring of fire
 C - an amulet of magic regeneration
 F - a ring of fire
Wands
 D - a wand of flame (29)
Scrolls
 d - 9 scrolls of identify {unknown}
 e - a scroll of acquirement {unknown}
 f - 2 scrolls of brand weapon {unknown}
 g - 2 scrolls of noise {unknown}
 h - a scroll of magic mapping {unknown}
 j - 2 scrolls of amnesia {unknown}
 r - a scroll of enchant armour {unknown}
 u - a scroll of summoning {unknown}
 x - 3 scrolls of teleportation {unknown}
 z - 2 scrolls of fear {unknown}
 E - a scroll of silence {unknown}
Potions
 b - a potion of lignification {unknown}
 c - a potion of heal wounds {unknown}
 k - 2 potions of attraction {unknown}
 l - 2 potions of degeneration {unknown}
 m - a potion of brilliance {unknown}
 n - a potion of cancellation {unknown}
 o - 2 potions of haste
 p - 2 potions of curing
 t - a potion of flight {unknown}
 w - a potion of resistance {unknown}


   Skills:
 * Level 12.5 Fighting
 + Level 12.7 Polearms
 - Level 1.3 Armour
 - Level 2.6 Dodging


You had 9 spell levels left.
You didn't know any spells.
Your spell library was empty.

Dungeon Overview and Level Annotations

Branches:
Dungeon (7/15)             Temple (0/1) D:7

Altars:
Trog
The Shining One

Shops:
D:4 [   D:7 *


Innate Abilities, Weirdness & Mutations

((You are quick and stealthy near water. (Stealth+, EV+, Speed+++)))
Your lower body shifts to a powerful aquatic tail in water.


Message History

The boulder beetle bites you.
You hit the boulder beetle but do no damage.
The boulder beetle is almost dead.
The boulder beetle bites you.
You hit the boulder beetle but do no damage.
The boulder beetle is almost dead.
The boulder beetle bites you.
You hit the boulder beetle but do no damage.
The boulder beetle is almost dead.
The boulder beetle bites you!
You completely miss the boulder beetle.
The boulder beetle is almost dead.
The boulder beetle bites you!
* * * LOW HITPOINT WARNING * * *
Your skin crawls.
You feel strong-willed. The boulder beetle bites you!!
* * * LOW HITPOINT WARNING * * *
The boulder beetle leaps!
You see here 24 stones.
Things that are here:
a +2 spear of freezing; a +0 robe The boulder beetle leaps!
The boulder beetle curls into a ball and begins rolling!
Found a ring mail.
A wight comes into view. It is wielding a +6 spear.
Throw: 5 darts (atropa)
Press: ? - help, Q - select action, (/) - cycle Shift-Dir - straight line, f/p - boulder beetle
Aim: a boulder beetle (severely wounded, rolling, 91% to hit, chance to blind on hit: 3%)
You throw an atropa-tipped dart.
The atropa-tipped dart hits the boulder beetle.
The boulder beetle resists.
The boulder beetle is severely wounded.
The boulder beetle hits you!!
* * * LOW HITPOINT WARNING * * *
The boulder beetle stops rolling and uncurls.
You puncture the boulder beetle!
The boulder beetle is almost dead.
The wight hits you from afar with a +6 spear!
You die...

#...ZZ# #..#
#..g..# ##.##
#....<# #..#
#.....# ##.#
........z# #B#
#####.....# #○##
##.....# #..#
####'############°#
.....z.@B°°.).(°○.#
#.#.#.#.#.#.#(#.###
...[.#.......#
###############


You could see a boulder beetle and a wight.

Vanquished Creatures
  Harold (D:7)
  A cyclops (D:7)
  Joseph (D:7)
  Sigmund (D:5)
  A steam dragon (D:7)
  A black bear (D:6)
  An orc warrior (D:6)
  An ice beast (D:6)
  A hornet zombie (D:6)
  5 ogres
  A wyvern zombie (D:7)
  2 bullfrogs
  A gnoll sergeant (D:7)
  5 killer bees (D:6)
  10 wights
  A bullfrog zombie (D:5)
  2 bullfrog skeletons
  2 centaur skeletons (D:7)
  A jelly (D:6)
  2 iguanas
  2 orc wizards
  6 adders
  3 gnolls
  2 howler monkey skeletons (D:7)
  A shadow imp (D:7)
  A white imp (D:5)
  An ufetubus (D:6)
  A worm (D:2)
  A dart slug (D:5)
  22 orcs
  13 endoplasms
  A giant cockroach (D:1)
  2 hobgoblins
  8 jackals
  3 kobolds
  6 quokkas
  9 ball pythons
  4 bats
  6 frilled lizards
  5 goblins
  2 rats
140 creatures vanquished.

Notes
Turn   | Place    | Note
-------+----------+-------------------------------------------
     0 | D:1      | nyamberluvr69 the Merfolk Berserker began the quest for the
                  | Orb.
     0 | D:1      | Reached XP level 1. HP: 18/18 MP: 1/1
   513 | D:1      | Reached XP level 2. HP: 25/25 MP: 2/2
   698 | D:1      | Reached XP level 3. HP: 30/30 MP: 3/3
   703 | D:1      | Reached skill level 5 in Polearms
   951 | D:2      | Reached ** piety under Trog
  1099 | D:2      | Reached XP level 4. HP: 14/38 MP: 4/4
  1570 | D:2      | Found a glowing golden altar of the Shining One.
  1884 | D:3      | Reached skill level 5 in Fighting
  2081 | D:3      | Reached XP level 5. HP: 44/44 MP: 5/5
  2516 | D:3      | Reached *** piety under Trog
  2765 | D:4      | Noticed an ogre
  2770 | D:4      | Killed an ogre
  2771 | D:4      | Reached XP level 6. HP: 52/52 MP: 6/6
  3288 | D:4      | Found Vuiroc's Antique Armour Shop.
  3567 | D:5      | Entered Level 5 of the Dungeon
  3982 | D:5      | Noticed Sigmund
  4009 | D:5      | Killed Sigmund
  4010 | D:5      | Reached XP level 7. HP: 44/60 MP: 7/7
  4987 | D:6      | Found a bloodstained altar of Trog.
  5101 | D:6      | Reached XP level 8. HP: 69/69 MP: 8/8
  5315 | D:4      | Bought a crude chain mail for 209 gold pieces
  5315 | D:4      | Identified the +6 chain mail of the Lair of Beasts {rN+}
                  | (You bought it in a shop on level 4 of the Dungeon)
  5933 | D:6      | Reached skill level 10 in Polearms
  6763 | D:6      | Reached skill level 10 in Fighting
  6767 | D:6      | Reached XP level 9. HP: 29/78 MP: 9/9
  7431 | D:7      | Noticed Harold
  7443 | D:7      | Killed Harold
  7662 | D:7      | Noticed Joseph
  7675 | D:7      | Killed Joseph
  7835 | D:7      | Found a staircase to the Ecumenical Temple.
  7845 | D:7      | Reached XP level 10. HP: 89/89 MP: 10/10
  7961 | D:7      | Found Wasuwaaps's Assorted Antiques.
  8014 | D:7      | Noticed a cyclops
  8018 | D:7      | Noticed a boulder beetle
  8020 | D:7      | Killed a cyclops
  8061 | D:7      | HP: 4/90 [boulder beetle (21)]
  8062 | D:7      | Slain by a wight

Illustrated notes

Levels and vault maps discovered:
D:1:      dpeg_arrival_three_same_balls, layout_basic, st_stairs_11
D:2:      layout_rooms, basic_altar
D:3:      minmay_general_purpose_star, layout_basic, st_stairs_13
D:4:      layout_loops_cross, serial_shops, kennysheep_mini_moat
D:5:      layout_gridville, uniq_sigmund
D:6:      layout_basic, mainiacjoe_overflow_brackets, hex_large, hex_tiny
D:7:      layout_gridville, temple_green, serial_shops, shop,
          hangedman_minor_gate_pass, uniq_harold, uniq_joseph

Skill      XL: |  1  2  3  4  5  6  7  8  9 |
---------------+----------------------------+-----
Fighting       | 4 5 6 7 8 10 12 | 12.5
Polearms       | 5 6 7 8 10 12 | 12.7
Armour         | |  1.3
Dodging        | |  2.6

Action                   |  1- 3 |  4- 6 |  7- 9 | 10-12 || total
-------------------------+-------+-------+-------+-------++-------
Melee: Spear             |   118 |   232 |   157 |       ||   507
       Trident           |       |       |   125 |    55 ||   180
Throw: Dart              |       |       |       |     1 ||     1
Invok: Berserk           |     1 |     4 |    12 |     1 ||    18
       Trog's Hand       |       |     1 |     1 |     1 ||     3
  Use: Potion            |       |     1 |     2 |       ||     3
Armor: Scale mail        |    25 |    44 |       |       ||    69
       Chain mail        |       |    13 |   127 |    21 ||   161
Dodge: Dodged            |    47 |    78 |   107 |    11 ||   243

Table legend: (Time is in decaauts)
 A = Elapsed time spent in this place.
 B = Non-inter-level travel time spent in this place.
 C = Inter-level travel time spent in this place.
 D = Time resting spent in this place.
 E = Time spent auto-exploring this place.
 F = Levels seen in this place.
 G = Mean time per level.
                   A        B        C        D        E       F      G
               +--------+--------+--------+--------+--------+-----+--------+
         Total |   8058 |   7489 |    569 |   2326 |   4094 |   7 | 1151.1 |
       Dungeon |   8058 |   7489 |    569 |   2326 |   4094 |   7 | 1151.1 |
               +--------+--------+--------+--------+--------+-----+--------+

Top non-repeatable levels by time:
     D:6: 2626 daAuts
     D:5: 1059 daAuts
     D:3: 1030 daAuts
     D:1: 935 daAuts
     D:4: 909 daAuts
     D:2: 781 daAuts
     D:7: 713 daAuts
